 Dungeon Sprint DCSS version 0.30-a0-996-ga6910c8ee8 (webtiles) character file.

Game seed: 8445726905703628485

8022 DiggyJ the Severer (level 11, -28/120 HPs)
             Began as a Troll Berserker on Apr 4, 2023.
             Was a High Priest of Trog.
             Annihilated by a tyrant leech (33 damage)
             ... in the Dungeon (Sprint IX: "|||||||||||||||||||||||||||||").
             The game lasted 00:04:29 (745 turns).

DiggyJ the Severer (Troll Berserker)                 Turns: 745, Time: 00:04:30

Health: -28/120    AC:  4    Str: 31    XL:     11   Next: 4%
Magic:  10/10      EV: 16    Int:  1    God:    Trog [*****.]
Gold:   27         SH:  0    Dex: 12    Spells: 10/10 levels left

rFire   . . .      SeeInvis +    e - +3 battleaxe of the Gloaming {flame, +Blink SInv}
rCold   . . .      Faith    .    (shield currently unavailable)
rNeg    . . .      Spirit   .    b - +0 animal skin
rPois   .          Reflect  .    (helmet restricted)
rElec   .          Rampage  .    (no cloak)
rCorr   .          NoTele   +    (gloves unavailable)
Will    .....                    (boots unavailable)
Stlth   ++                       (no amulet)
HPRegen 1.20/turn                l - +2 ring of evasion
MPRegen 0.12/turn                m - +3 ring of dexterity

@: on berserk cooldown, slowed, very slow
A: large, unfitting armour, claws 3, regeneration 1, shaggy fur 1, tough skin 1,
see invisible, dopey 1
a: Renounce Religion, Evoke Blink, Berserk, Trog's Hand, Brothers in Arms


You were in the Dungeon.
You worshipped Trog.
Trog was extremely pleased with you.
You visited 1 branch You collected 27 gold pieces.

Inventory:

Hand Weapons
 a - a +0 hand axe
 e - the +3 battleaxe of the Gloaming (weapon) {flame, +Blink SInv}
   (Trog gifted it to you in the Dungeon)

   SInv:      It lets you see invisible.
   +Blink:    It lets you blink.
 k - a +1 broad axe of freezing
Armour
 b - a +0 animal skin (worn)
Jewellery
 l - a +2 ring of evasion (left claw)
 m - a +3 ring of dexterity (right claw)
Wands
 j - a wand of quicksilver (10)
Scrolls
 h - 4 scrolls of blinking
 o - 2 scrolls of enchant weapon
 p - 2 scrolls of enchant armour
Potions
 c - a potion of curing
 d - 2 potions of haste
 f - 4 potions of magic
 g - a potion of berserk rage
 i - a potion of invisibility
 n - a potion of brilliance


   Skills:
 + Level 11.0 Fighting
 + Level 16.1 Axes
 + Level 12.5 Dodging
 + Level 1.1 Stealth


You had 10 spell levels left.
You didn't know any spells.
Your spell library contained the following spells:

 Spells                   Type           Power      Damage    Failure   Level
 Ensorcelled Hibernation  Hex/Ice        0%         N/A       71%         2
 Spider Form              Tmut/Pois      0%         N/A       91%         3
 Anguish                  Hex/Necr       0%         N/A       100%        4


Dungeon Overview and Level Annotations

Branches:
Dungeon (1/1)

Altars:
Cheibriados
Dithmenos
Elyvilon
Fedhas
Gozag
Hepliaklqana
Kikubaaqudgha
Makhleb
Nemelex Xobeh
Okawaru
Qazlal
Ru
Sif Muna
Trog
Uskayaw
Vehumet
Wu Jian
Xom
Yredelemnul
Zin
The Shining One
Jiyva
Lugonu


Innate Abilities, Weirdness & Mutations

You are too large for most types of armour.
You have claws for hands.
Your natural rate of healing is unusually fast.
You are covered in fur. (AC +1)
You have tough skin. (AC +1)
You have supernaturally acute eyesight. (SInv)
You are dopey. (Int -2)


Message History

Your Fighting skill increases to level 11!
You barely miss the worm. You slice the worm!! You burn the worm!
You kill the worm!
Trog accepts your kill.
A tyrant leech comes into view.
You feel the effects of Trog's Hand fading.
Things that are here:
a tyrant leech corpse; a lindwurm corpse You slash the worm!
You burn the worm.
You feel the power of Trog in you as your rage grows.
You kill the worm!
Trog accepts your kill. Trog grants you a weapon!
Something appears at your feet!
You see here a +3 battleaxe of flaming.
Found 12 gold pieces.
You are no longer berserk.
You are exhausted.
You feel yourself slow down. The worm bites you!
* * * LOW HITPOINT WARNING * * *
You barely miss the worm. The worm closely misses you.
You slice the worm!! You burn the worm.
The worm is almost dead.
You slice the worm!! You burn the worm.
You kill the worm!
Trog accepts your kill.
You barely miss the tyrant leech.
Your skin stops crawling.
You feel less strong-willed. The tyrant leech bites you!
* * * LOW HITPOINT WARNING * * *
The tyrant leech draws strength from your injuries!
You slice the tyrant leech!! You burn the tyrant leech.
The tyrant leech is heavily wounded.
The tyrant leech bites you!
* * * LOW HITPOINT WARNING * * *
The tyrant leech draws strength from your injuries!
You closely miss the tyrant leech.
The tyrant leech is moderately wounded.
The tyrant leech bites you!!
You die...

▓▓▓▓▓▓▓▓▓▓▓▓▓▓▓▓▓▓▓▓▓▓▓▓▓▓▓▓▓▓▓▓▓
.)).....'..[[[.)?.'______________
▓▓▓▓▓▓▓▓▓▓▓▓▓▓▓▓▓▓▓▓▓▓▓▓▓▓▓▓▓▓▓▓▓
.................................
▓▓▓▓▓▓▓▓▓▓▓▓▓▓▓▓▓▓▓▓▓▓▓▓▓▓▓▓▓▓▓▓▓
$.....w@)'.........††...
▓▓▓▓▓▓▓▓▓▓▓▓▓▓▓▓▓▓▓▓▓▓▓▓


You could see a tyrant leech.

Vanquished Creatures
  2 two-headed ogres (D)
  A centaur warrior (D)
  A lindwurm (D)
  A black mamba (D)
  5 cane toads (D)
  A rime drake (D)
  A tyrant leech (D)
  A shadow (D)
  2 wraiths (D)
  A slime creature (D)
  2 yaks (D)
  A basilisk (D)
  An acid dragon (D)
  4 water moccasins (D)
  2 wolves (D)
  A bullfrog (D)
  A scorpion (D)
  A killer bee (D)
  A hound (D)
  An iguana (D)
  An adder (D)
  3 worms (D)
  An orc (D)
  2 endoplasms (D)
  A jackal (D)
  2 bats (D)
41 creatures vanquished.

Vanquished Creatures (collateral kills)
  A centaur warrior (D)
  A lindwurm (D)
  An ugly thing (D)
  A black mamba (D)
  A water moccasin (D)
5 creatures vanquished.

Vanquished Creatures (others)
  A worm (D)
1 creature vanquished.

Grand Total: 47 creatures vanquished

Notes
Turn   | Place    | Note
-------+----------+-------------------------------------------
     0 | D        | DiggyJ the Troll Berserker began the quest for the Orb.
     0 | D        | Reached XP level 1. HP: 22/22 MP: 0/0
    10 | D        | Reached ** piety under Trog
    16 | D        | Reached skill level 3 in Axes
    21 | D        | Noticed a scorpion
    21 | D        | Noticed a hound
    21 | D        | Noticed an iguana
    27 | D        | Killed an iguana
    28 | D        | Reached skill level 4 in Axes
    28 | D        | Reached XP level 2. HP: 32/32 MP: 1/1
    28 | D        | Reached XP level 3. HP: 39/39 MP: 2/2
    32 | D        | Reached *** piety under Trog
    39 | D        | Reached XP level 4. HP: 39/48 MP: 3/3
    45 | D        | Killed a scorpion
    46 | D        | Reached skill level 5 in Axes
    89 | D        | Found a snail-covered altar of Cheibriados.
    89 | D        | Found a shadowy altar of Dithmenos.
    89 | D        | Found a white marble altar of Elyvilon.
    89 | D        | Found a blossoming altar of Fedhas.
    89 | D        | Found an opulent altar of Gozag.
    90 | D        | Found a hazy altar of Hepliaklqana.
    91 | D        | Found a viscous altar of Jiyva.
    92 | D        | Found an ancient bone altar of Kikubaaqudgha.
    93 | D        | Found a corrupted altar of Lugonu.
    94 | D        | Found a burning altar of Makhleb.
    95 | D        | Found a sparkling altar of Nemelex Xobeh.
    96 | D        | Found an iron altar of Okawaru.
    97 | D        | Found a stormy altar of Qazlal.
    98 | D        | Found a sacrificial altar of Ru.
    99 | D        | Found a shimmering blue altar of Sif Muna.
   100 | D        | Found a bloodstained altar of Trog.
   101 | D        | Found a hide-covered altar of Uskayaw.
   102 | D        | Found a radiant altar of Vehumet.
   103 | D        | Found an ornate altar of the Wu Jian Council.
   104 | D        | Found a shimmering altar of Xom.
   105 | D        | Found a basalt altar of Yredelemnul.
   106 | D        | Found a glowing silver altar of Zin.
   107 | D        | Found a glowing golden altar of the Shining One.
   137 | D        | Noticed a shadow
   137 | D        | Noticed a yak
   137 | D        | Noticed a wraith
   137 | D        | Noticed an acid dragon
   137 | D        | Noticed a wraith
   141 | D        | Killed a wraith
   141 | D        | Reached **** piety under Trog
   142 | D        | Reached skill level 7 in Axes
   142 | D        | Reached XP level 5. HP: 59/59 MP: 4/4
   142 | D        | Reached XP level 6. HP: 67/67 MP: 5/5
   173 | D        | Killed an acid dragon
   174 | D        | Reached skill level 8 in Axes
   181 | D        | Killed a wraith
   182 | D        | Reached skill level 9 in Axes
   182 | D        | Reached XP level 7. HP: 32/76 MP: 6/6
   184 | D        | Killed a yak
   184 | D        | Reached ***** piety under Trog
   187 | D        | Killed a shadow
   188 | D        | Reached skill level 10 in Axes
   248 | D        | Noticed a two-headed ogre
   248 | D        | Noticed a centaur warrior
   248 | D        | Noticed a slime creature
   248 | D        | Noticed a two-headed ogre
   248 | D        | Noticed a centaur warrior
   248 | D        | Noticed a purple ugly thing
   256 | D        | Killed a purple ugly thing
   257 | D        | Reached XP level 8. HP: 84/88 MP: 7/7
   261 | D        | Killed a centaur warrior
   262 | D        | Reached skill level 11 in Axes
   269 | D        | Killed a two-headed ogre
   270 | D        | Reached skill level 12 in Axes
   270 | D        | Reached skill level 10 in Dodging
   270 | D        | Reached XP level 9. HP: 57/97 MP: 8/8
   278 | D        | Killed a centaur warrior
   279 | D        | Reached skill level 13 in Axes
   280 | D        | Killed a two-headed ogre
   432 | D        | Gained mutation: You are dopey. (Int -2) [potion of
                  | mutation]
   432 | D        | Gained mutation: You have supernaturally acute eyesight.
                  | (SInv) [potion of mutation]
   433 | D        | Noticed a black mamba
   433 | D        | Noticed a cane toad
   433 | D        | Noticed a cane toad
   440 | D        | Killed a cane toad
   441 | D        | Reached skill level 14 in Axes
   441 | D        | Reached XP level 10. HP: 107/107 MP: 9/9
   453 | D        | Killed a cane toad
   458 | D        | Killed a black mamba
   458 | D        | Received a gift from Trog
   463 | D        | Reached skill level 10 in Fighting
   468 | D        | Reached ****** piety under Trog
   609 | D        | Noticed a cane toad
   609 | D        | Noticed a black mamba
   609 | D        | Noticed a cane toad
   615 | D        | Killed a cane toad
   618 | D        | Noticed a cane toad
   625 | D        | Killed a black mamba
   626 | D        | Reached skill level 15 in Axes
   626 | D        | Identified the +3 battleaxe of the Gloaming {flame, +Blink
                  | SInv} (Trog gifted it to you in the Dungeon)
   626 | D        | Received a gift from Trog
   636 | D        | Killed a cane toad
   651 | D        | Killed a cane toad
   652 | D        | Reached skill level 1 in Stealth
   719 | D        | Noticed a lindwurm
   719 | D        | Noticed a lindwurm
   722 | D        | Killed a lindwurm
   731 | D        | Killed a lindwurm
   732 | D        | Reached skill level 16 in Axes
   732 | D        | Reached XP level 11. HP: 20/119 MP: 10/10
   738 | D        | Received a gift from Trog
   744 | D        | HP: 4/120 [tyrant leech (14)]
   745 | D        | Annihilated by a tyrant leech

Illustrated notes

Levels and vault maps discovered:
D:        linesprint [early_d, line_temple, items_1, d_10, items_2, lair_1,
          lair_end, items_3, orc_1, orc_end, items_4, d_15, swamp_1, shoals_1,
          snake_1, spider_1, d_20, vaults_1, items_5, swamp_end, shoals_end,
          snake_end, spider_end, vaults_end, d_27, items_6, zot_1, zot_end,
          crypt_end, forest_end, elf_end, slime_end, tomb_end, abyss_end,
          pan_hell_end]

Skill      XL: |  1  2  3  4  5  6  7  8  9 10 11 |
---------------+----------------------------------+-----
Axes           | 4 7 9 10 12 14 16 | 16.1
Dodging        | 3 4 6 7 8 10 11 12 | 12.5
Fighting       | 3 4 6 7 8 9 10 11 | 11.0
Stealth        | 1 |  1.1

Action                     |  1- 3 |  4- 6 |  7- 9 | 10-12 || total
---------------------------+-------+-------+-------+-------++-------
  Melee: Hand axe          |    27 |    11 |       |       ||    38
         Broad axe         |       |    27 |    26 |    58 ||   111
         Punch             |       |     1 |       |     1 ||     2
         Battleaxe         |       |       |       |    20 ||    20
 Invoke: Berserk           |     1 |     1 |     2 |     2 ||     6
         Brothers in Arms  |       |       |     1 |     3 ||     4
         Trog's Hand       |       |       |       |     1 ||     1
    Use: Potion            |       |     5 |     2 |     3 ||    10
         Scroll            |       |     1 |       |       ||     1
 Armour: Animal skin       |     7 |    11 |       |     4 ||    22
  Dodge: Dodged            |     9 |    59 |    12 |    33 ||   113

Table legend: (Time is in decaauts)
 A = Elapsed time spent in this place.
 B = Non-inter-level travel time spent in this place.
 C = Inter-level travel time spent in this place.
 D = Time resting spent in this place.
 E = Time spent auto-exploring this place.
 F = Levels seen in this place.
 G = Mean time per level.
                   A        B        C        D        E       F      G
               +--------+--------+--------+--------+--------+-----+--------+
         Total |    776 |    776 |      0 |    311 |      0 |   1 |  776.0 |
       Dungeon |    776 |    776 |      0 |    311 |      0 |   1 |  776.0 |
               +--------+--------+--------+--------+--------+-----+--------+

Top non-repeatable levels by time:
       D: 776 daAuts
